 Dungeon Crawl Stone Soup version 0.30-a0-996-ga6910c8ee8 (webtiles) character file.

Game seed: 10778338569843955199

3968 Maxmaps the Transmogrifier (level 10, 0/91 HPs)
             Began as a Demonspawn Transmuter on Apr 4, 2023.
             Was an Initiate of Gozag.
             Killed from afar by a gargoyle (12 damage)
             ... with a stone arrow
             ... on level 8 of the Dungeon.
             The game lasted 00:13:52 (9002 turns).

Maxmaps the Transmogrifier (Demonspawn Transmuter)  Turns: 9002, Time: 00:13:52

Health: 0/91       AC:  7    Str: 11    XL:     10   Next: 2%
Magic:  7/13       EV: 12    Int: 18    God:    Gozag
Gold:   844        SH:  5    Dex: 14    Spells: 6/13 levels left

rFire   x . .      SeeInvis .    q - melded +0 dagger (venom)
rCold   + + +      Faith    .    (shield currently unavailable)
rNeg    . . .      Spirit   .    k - melded +0 robe of Uquafrol {rN+ Int+3}
rPois   +          Reflect  +    n - melded +2 helmet
rElec   .          Rampage  .    (cloak currently unavailable)
rCorr   .                        s - melded +1 pair of gloves
Will    .....                    (boots currently unavailable)
Stlth   +                        m - amulet of reflection
HPRegen 0.35/turn                c - ring of wizardry
MPRegen 0.13/turn                h - ring of protection from cold

@: ice-form, gold aura
A: freezing attack, amphibious, boosted hp, large, (slimy green scales 2),
(spiny 2), demonic magic 2
a: End Transformation, Renounce Religion, Potion Petition, Call Merchant, Bribe
Branch


You were on level 8 of the Dungeon.
You worshipped Gozag.
Gozag was pleased with you.
You were a creature of crystalline ice.
You visited 2 branches of the dungeon, and saw 9 of its levels.
You also visited: Sewer.

You collected 906 gold pieces.
You paid 62 gold pieces to Gozag.

Inventory:

Hand Weapons
 q - a +0 dagger of venom (melded)
Missiles
 D - 2 throwing nets
Armour
 k - the +0 robe of Uquafrol (melded) {rN+ Int+3}
   (You found it on level 2 of the Dungeon)

   Int:       It affects your intelligence (+3).
   rN:        It protects you from negative energy.
 l - a +0 buckler
 n - a +2 helmet (melded)
 s - a +1 pair of gloves (melded)
Jewellery
 b - a ring of positive energy
 c - a ring of wizardry (left front paw)
 h - a ring of protection from cold (right front paw)
 m - an amulet of reflection (around neck)
Wands
 d - a wand of acid (6)
 t - a wand of iceblast (2)
 y - a wand of paralysis (14)
Scrolls
 a - 2 scrolls of vulnerability
 g - a scroll of fear
 i - 2 scrolls of poison
 o - a scroll of amnesia
 u - a scroll of noise
 C - a scroll of blinking {unknown}
 E - a scroll of enchant weapon {unknown}
Potions
 e - a potion of ambrosia
 f - 2 potions of curing
 j - 4 potions of degeneration
 p - a potion of attraction
 r - 2 potions of cancellation
 v - a potion of brilliance
 w - a potion of haste
 z - a potion of resistance
 A - a potion of mutation {unknown}
 B - a potion of lignification
 F - a potion of magic {unknown}


   Skills:
 - Level 6.1 Fighting
 - Level 7.0 Dodging
 - Level 5.1 Unarmed Combat
 - Level 2.0 Spellcasting
 + Level 8.2 Transmutations
 - Level 3.0 Ice Magic
 - Level 2.0 Poison Magic


You had 6 spell levels left.
You knew the following spells:

 Your Spells              Type           Power      Damage    Failure   Level
b - Spider Form           Tmut/Pois      20%        N/A       2%          3
c - Ice Form              Ice/Tmut       22%        N/A       8%          4

Your spell library contained the following spells:

 Spells                   Type           Power      Damage    Failure   Level
 Beastly Appendage        Tmut           62%        N/A       1%          1
 Wereblood                Tmut           31%        N/A       1%          2
 Foxfire                  Conj/Fire      4%         2x1d4     8%          1
 Call Canine Familiar     Summ           1%         N/A       21%         3
 Portal Projectile        Hex/Tloc       2%         N/A       21%         3
 Summon Guardian Golem    Hex/Summ       1%         N/A       21%         3
 Leda's Liquefaction      Hex/Erth       0%         N/A       54%         4
 Fireball                 Conj/Fire      0%         3d3       86%         5
 Plasma Beam              Fire/Air       0%         2x1d11    100%        6
 Starburst                Conj/Fire      0%         6d3       100%        6
 Orb of Destruction       Conj           0%         9d5       100%        7
 Spellforged Servitor     Conj/Summ      0%         N/A       100%        7


Dungeon Overview and Level Annotations

Branches:
Dungeon (8/15)             Temple (1/1) D:5            Lair (0/5) D:8
  Sewer (visited)

Altars:
Ashenzari
Cheibriados
Dithmenos
Fedhas
Gozag
Hepliaklqana
Kikubaaqudgha
Makhleb
Nemelex Xobeh
Okawaru
Qazlal
Ru
Sif Muna
Uskayaw
Vehumet
Wu Jian
Xom
Yredelemnul

Shops:
D:6 (


Innate Abilities, Weirdness & Mutations

You are a creature of crystalline ice.
You have a powerful freezing melee attack.
You are amphibious.
Your maximum health is increased.
Your armour is entirely melded.
You are incapable of wielding weapons or throwing items.
((You are mostly covered in slimy green scales. (AC +3)))
((You are mostly covered in sharp spines.))
Spells you cast may paralyse nearby enemies.


Message History

You extend your transformation's duration.
Malevolent energies surge around you. You block the yak's attack.
Unknown command.
You hit the yak. You freeze the yak.
The yak is almost dead.
The yak barely misses you.
Unknown command.
You punch the yak! You freeze the yak.
You kill the yak!
You have reached level 10!
Your demonic ancestry asserts itself...
Sharp spines emerge from more of your body.
You hit the gargoyle. You freeze the gargoyle.
The gargoyle is moderately damaged.
The gargoyle hits you with a +0 morningstar.
You hit the gargoyle. You freeze the gargoyle.
The gargoyle is heavily damaged.
The gargoyle hits you with a +0 morningstar!
You hit the gargoyle but do no damage.
The gargoyle is heavily damaged.
The gargoyle hits you with a +0 morningstar!
* * * LOW HITPOINT WARNING * * *
You feel much better.
The gargoyle hurls a stone arrow at you.
The stone arrow hits you!!
* * * LOW HITPOINT WARNING * * *
You hit the gargoyle but do no damage.
The gargoyle is heavily damaged.
You block the gargoyle's attack.
You barely miss the gargoyle.
The gargoyle is heavily damaged.
You punch the gargoyle! You freeze the gargoyle.
The gargoyle is almost destroyed.
The gargoyle barely misses you.
You hit the gargoyle but do no damage.
The gargoyle is almost destroyed.
The gargoyle hurls a stone arrow at you.
The stone arrow hits you!
You die...
Your body crumbles into a pile of gold.

## #.#
#.####################
##...................#
#.9.y.........######.#
..Y...#####.#.###.######.#
..... #9#...)........#
.... #Y#####.#####..# ..Y
#.# #.# #..# .Y #.# #.#
#.># . #.# #.# #..# #.#
#..# #.# #>.# ..# #..###
### #..... ##....


You could see a gargoyle.

Vanquished Creatures
  The ghost of howech the Cruncher, a novice MiGl of Cheibriados (D:7)
  A yak (D:8)
  A steam dragon (D:8)
  A sky beast (D:7)
  An ice beast (D:6)
  3 ogres
  2 centaurs
  2 phantoms (D:4)
  A kobold brigand (Sewer)
  A bullfrog (D:4)
  A gnoll sergeant (D:4)
  3 scorpions (D:6)
  5 wights (D:7)
  10 killer bees
  A howler monkey (D:7)
  3 hounds
  3 jellies
  2 orc priests
  A sleepcap (D:6)
  Ijyb (D:4)
  3 gnoll boudas
  Natasha (twice) (D:2)
  An iguana (D:5)
  7 orc wizards
  28 gnolls
  8 adders
  2 river rats (D:6)
  A white imp (D:6)
  An ufetubus (D:6)
  3 worms
  A dart slug (D:3)
  14 orcs
  9 ball pythons
  7 endoplasms
  6 giant cockroaches
  4 goblins
  5 hobgoblins
  2 jackals (D:4)
  19 kobolds
  A quokka (D:4)
  5 bats
  4 frilled lizards
  12 rats
189 creatures vanquished.

Vanquished Creatures (collateral kills)
  A water moccasin (D:6)
  A bullfrog (D:6)
2 creatures vanquished.

Vanquished Creatures (others)
  16 plants (D:3)
16 creatures vanquished.

Grand Total: 207 creatures vanquished

Notes
Turn   | Place    | Note
-------+----------+-------------------------------------------
     0 | D:1      | Maxmaps the Demonspawn Transmuter began the quest for the
                  | Orb.
     0 | D:1      | Reached XP level 1. HP: 15/15 MP: 3/3
    28 | D:1      | Reached skill level 2 in Transmutations
   451 | D:1      | Gained mutation: Spells you cast may paralyse adjacent
                  | enemies. [demonic ancestry]
   451 | D:1      | Reached XP level 2. HP: 21/21 MP: 3/5
   708 | D:2      | Identified the +0 robe of Uquafrol {rN+ Int+3}
   961 | D:2      | Noticed Natasha
   965 | D:2      | Noticed a crimson imp
   967 | D:2      | Noticed a crimson imp
   968 | D:2      | Killed Natasha
   969 | D:2      | Reached skill level 3 in Transmutations
   969 | D:2      | Gained mutation: You are partially covered in slimy green
                  | scales. (AC +2) [demonic ancestry]
   969 | D:2      | Reached XP level 3. HP: 24/26 MP: 4/6
  1013 | D:2      | Learned a level 3 spell: Spider Form
  1209 | D:2      | Noticed Natasha
  1216 | D:2      | Killed Natasha
  1217 | D:2      | Reached skill level 4 in Transmutations
  1217 | D:2      | Reached XP level 4. HP: 21/32 MP: 3/7
  1338 | D:2      | Found a faded altar of an unknown god.
  1829 | D:3      | Reached skill level 1 in Poison Magic
  2649 | D:3      | Gained mutation: Spells you cast may paralyse nearby
                  | enemies. [demonic ancestry]
  2649 | D:3      | Reached XP level 5. HP: 38/38 MP: 4/8
  3056 | D:4      | Noticed a phantom
  3079 | D:4      | Killed a phantom
  3240 | D:4      | Gained mutation: You are partially covered in sharp spines.
                  | [demonic ancestry]
  3240 | D:4      | Reached XP level 6. HP: 28/48 MP: 5/9
  3496 | D:4      | Found an iron altar of Okawaru.
  3664 | D:4      | Reached skill level 5 in Fighting
  3676 | D:4      | Noticed Ijyb
  3700 | D:4      | Killed Ijyb
  3866 | D:4      | Reached XP level 7. HP: 57/57 MP: 7/10
  4077 | D:5      | Entered Level 5 of the Dungeon
  4673 | D:5      | Found a staircase to the Ecumenical Temple.
  4690 | D:5      | Reached skill level 5 in Unarmed Combat
  4707 | Temple   | Entered the Ecumenical Temple
  4958 | Temple   | Became a worshipper of Gozag Ym Sagoz the Greedy
  5120 | D:5      | Gained mutation: You are mostly covered in slimy green
                  | scales. (AC +3) [demonic ancestry]
  5120 | D:5      | Reached XP level 8. HP: 56/64 MP: 8/11
  5131 | D:5      | Learned a level 4 spell: Ice Form
  5251 | D:5      | Found a shimmering altar of Xom.
  5532 | D:6      | Found Pieplyir's Antique Weapon Boutique.
  5602 | D:6      | Reached skill level 5 in Dodging
  5700 | D:6      | Found a glowing drain.
  5704 | Sewer    | Entered a sewer
  6980 | D:7      | Reached XP level 9. HP: 69/69 MP: 9/12
  6997 | D:7      | Reached skill level 1 in Ice Magic
  7225 | D:7      | Found a shadowy altar of Dithmenos.
  7565 | D:7      | Found a runed translucent gate.
  7566 | D:7      | Found a runed translucent gate.
  7566 | D:7      | Found a runed translucent gate.
  7568 | D:7      | Noticed howech's ghost (novice MiGl)
  7702 | D:7      | Reached skill level 5 in Transmutations
  8041 | D:7      | Found a stormy altar of Qazlal.
  8041 | D:7      | Found a blossoming altar of Fedhas.
  8232 | D:7      | Reached skill level 6 in Transmutations
  8472 | D:7      | Killed howech's ghost
  8473 | D:7      | Reached skill level 7 in Transmutations
  8930 | D:8      | Found a staircase to the Lair.
  8964 | D:8      | Noticed a gargoyle
  8988 | D:8      | Reached skill level 8 in Transmutations
  8995 | D:8      | Gained mutation: You are mostly covered in sharp spines.
                  | [demonic ancestry]
  8995 | D:8      | Reached XP level 10. HP: 48/76 MP: 6/13
  9002 | D:8      | Killed from afar by a gargoyle

Illustrated notes

Levels and vault maps discovered:
D:1:      dpeg_arrival_ratfight, layout_basic
D:2:      layout_loops_corners, hellmonk_ecumenical_altar_crossroads,
          hangedman_decor_slide_cut, uniq_natasha
D:3:      layout_basic, serial_bayou, serial_bayou_shore_b,
          serial_bayou_crossing, serial_bayou_lagoon_b, serial_bayou_ford_a
D:4:      layout_loops_ring, hellmonk_okawaru_the_only_friend_you_need,
          minmay_misc_feat_tower, uniq_ijyb
D:5:      layout_rooms, mainiacjoe_overflow_24_doors,
          minmay_temple_entry_statues_pillars, grunt_ministairs_4
D:6:      layout_loops_cross, gup_sewer_entry_spiral, serial_shops,
          nicolae_shop_stone
D:7:      layout_loops_ring, minitemple, ebering_ghost_rock_garden,
          chequers_avenue
D:8:      layout_loops_ring, trog_butcher_becter, lair_entry_dummy
Temple:   bh_familiar_temple

Skill      XL: |  1  2  3  4  5  6  7  8  9 |
---------------+----------------------------+-----
Transmutations | 2 3 4 8 |  8.2
Poison Magic   | 2 |  2.0
Fighting       | 4 5 6 |  6.1
Unarmed Combat | 5 |  5.1
Dodging        | 2 7 |  7.0
Ice Magic      | 3 |  3.0
Spellcasting   | |  2.0

Action                     |  1- 3 |  4- 6 |  7- 9 | 10-12 || total
---------------------------+-------+-------+-------+-------++-------
  Melee: Unarmed           |    49 |   148 |   381 |     7 ||   585
         Kick              |     8 |     1 |       |       ||     9
         Headbutt          |     4 |     1 |       |       ||     5
         Punch             |     1 |       |     3 |       ||     4
         Dagger            |       |    41 |    45 |       ||    86
   Cast: Beastly Appendage |    13 |     3 |       |       ||    16
         Spider Form       |     1 |    23 |    40 |       ||    64
         Ice Form          |       |       |    10 |       ||    10
    Use: Potion            |     1 |     2 |     1 |     1 ||     5
         Scroll            |       |       |    17 |       ||    17
   Stab: Sleeping          |     1 |     2 |     1 |       ||     4
         Paralysed         |       |     7 |    26 |       ||    33
         Distracted        |       |       |     3 |       ||     3
 Armour: Robe              |     5 |    14 |    23 |       ||    42
         Skin              |     2 |     5 |    21 |       ||    28
  Dodge: Dodged            |    32 |   101 |   257 |     1 ||   391
  Block: Other             |       |    34 |    93 |     1 ||   128
         Reflection        |       |     1 |     2 |       ||     3

Table legend: (Time is in decaauts)
 A = Elapsed time spent in this place.
 B = Non-inter-level travel time spent in this place.
 C = Inter-level travel time spent in this place.
 D = Time resting spent in this place.
 E = Time spent auto-exploring this place.
 F = Levels seen in this place.
 G = Mean time per level.
                   A        B        C        D        E       F      G
               +--------+--------+--------+--------+--------+-----+--------+
         Total |   9050 |   8868 |    182 |    840 |   6350 |  10 |  905.0 |
       Dungeon |   8340 |   8180 |    160 |    840 |   5791 |   8 | 1042.5 |
        Temple |    273 |    251 |     22 |      0 |    233 |   1 |  273.0 |
         Sewer |    436 |    436 |      0 |      0 |    325 |   1 |  436.0 |
               +--------+--------+--------+--------+--------+-----+--------+

Top non-repeatable levels by time:
     D:7: 1676 daAuts
     D:4: 1444 daAuts
     D:3: 1247 daAuts
     D:6: 1134 daAuts
     D:2: 1082 daAuts
     D:5: 725 daAuts
     D:1: 687 daAuts
   Sewer: 436 daAuts
     D:8: 341 daAuts
  Temple: 273 daAuts
